 Dungeon Crawl Stone Soup version 0.17.0-28-g6e173f8 (webtiles) character file.

11451 gorblad the Fighter (level 11, -1/93 HPs)
             Began as a Demonspawn Fighter on Dec 2, 2015.
             Was a Priest of Okawaru.
             Slain by a skeletal warrior
             ... wielding a +0 dire flail
              (5 damage)
             ... on level 11 of the Dungeon.
             The game lasted 00:39:28 (9921 turns).

gorblad the Fighter (Demonspawn Fighter)            Turns: 9921, Time: 00:39:28

Health: -1/93      AC: 16    Str: 23    XL:     11   Next: 49%
Magic:  0/11       EV:  9    Int: 13    God:    Okawaru [***...]
Gold:   649        SH:  0    Dex: 12    Spells: 0 memorised, 10 levels left

rFire  . . .     SeeInvis .     y - +2 broad axe (flame)
rCold  . . .     Clarity  .     N - -1 chain mail
rNeg   . . .     SustAt   .     c - +0 shield
rPois  .         Gourm    +     (helmet unavailable)
rElec  .         Spirit   +     J - +0 cloak
rCorr  .         Warding  .     H - +0 pair of gloves
rMut   .         Stasis   .     (no boots)
MR     .....                    E - amulet of the gourmand
Stlth  ..........               B - +2 ring of strength
                                F - ring "Leatuege" {*Drain Str+2 Int+3 Stlth-}

@: confused, drained, not resistant to hostile enchantments, extremely
unstealthy
A: horns 3, rough black scales 1, spiny 1, magic shield
a: Heroism, Renounce Religion


You were on level 11 of the Dungeon.
You worshipped Okawaru.
Okawaru was most pleased with you.
You were completely stuffed.

You visited 2 branches of the dungeon, and saw 12 of its levels.
You also visited: Ossuary.

You collected 1052 gold pieces.
You spent 403 gold pieces at shops.

Inventory:

Hand Weapons
 a - a +1 long sword
 r - a +1 great sword of protection
 y - a +2 broad axe of flaming (weapon)
Missiles
 C - 10 tomahawks (quivered)
Armour
 c - a +0 shield (worn)
 H - a +0 pair of gloves (worn)
 J - a +0 cloak (worn)
 N - a -1 chain mail (worn)
Jewellery
 k - an uncursed ring of flight
 B - a +2 ring of strength (right hand)
 E - an amulet of the gourmand (around neck)
 F - the ring "Leatuege" (left hand) {*Drain Str+2 Int+3 Stlth-}
   (You bought it in a shop on level 7 of the Dungeon)

   [ring of loudness]

   It affects your strength (+2).
   It affects your intelligence (+3).
   It causes draining when unequipped.
   It makes you less stealthy.
 M - a +5 ring of slaying
Wands
 v - a wand of confusion (30)
 L - a wand of digging (16)
 O - a wand of flame (30)
Scrolls
 b - a scroll of torment
 i - 2 scrolls of fog
 n - 3 scrolls of remove curse
 p - 2 scrolls of amnesia
 t - 6 scrolls of teleportation
 w - 3 scrolls of recharging
 I - a scroll of fear
Potions
 d - 2 potions of might
 j - a potion of cancellation
 m - 2 potions of berserk rage {unknown}
 o - 3 potions of invisibility
 q - 4 potions of brilliance
 u - 3 potions of haste
 x - a potion of flight {unknown}
 z - a potion of resistance
 G - a potion of agility
 P - a potion of cure mutation {unknown}
Books
 D - a book of Minor Magic

   Spells                             Type                      Level
   a - Magic Dart                     Conjuration                  1
   b - Blink                          Translocation                2
   c - Call Imp                       Summoning                    2
   d - Repel Missiles                 Charms/Air                   2
   e - Slow                           Hexes                        2
   f - Conjure Flame                  Conjuration/Fire             3
   g - Mephitic Cloud                 Conjuration/Poison/Air       3
 K - a book of Spatial Translocations

   Spells                             Type                      Level
   a - Apportation                    Translocation                1
   b - Blink                          Translocation                2
   c - Shroud of Golubria             Charms/Translocation         2
   d - Portal Projectile              Translocation                3
   e - Teleport Other                 Translocation                3
   f - Passage of Golubria            Translocation                4
Comestibles
 e - 9 bread rations
 f - 5 meat rations
 g - 2 royal jellies
 h - 3 chunks of flesh
 A - 4 fruits


   Skills:
 + Level 11.0(10.6) Fighting
 - Level 4.5(4.2) Long Blades
 - Level 7.2(6.9) Axes
 - Level 7.6(7.3) Armour
 - Level 6.0(5.7) Dodging
 - Level 6.2(5.9) Shields


You had 10 spell levels left.
You didn't know any spells.

Dungeon Overview and Level Annotations

Branches:
Dungeon (11/15)            Temple (1/1) D:4            Lair (0/8) D:10
    Orc (0/4) D:11

Altars:
Ashenzari
Cheibriados
Dithmenos
Elyvilon
Fedhas
Gozag
Kikubaaqudgha
Makhleb
Nemelex Xobeh
Okawaru
Qazlal
Ru
Sif Muna
Trog
Vehumet
Xom
Yredelemnul
Zin
The Shining One

Shops:
D:7 =


Innate Abilities, Weirdness & Mutations

You have a pair of large horns on your head.
You are partially covered in rough black scales (AC +4, Dex -1).
You are partially covered in sharp spines.
When hurt, damage is shared between your health and your magic reserves.


Message History

You block the skeletal warrior's attack.
The skeletal warrior barely misses you.
Drink which item? (? for menu, Esc to quit)
You are confused.
You feel invigorated.
The skeletal warrior hits you from afar with a trident.
* * * LOW HITPOINT WARNING * * *
The skeletal warrior hits you but does no damage. x2
You bump into the rock wall.
The skeletal warrior hits you but does no damage.
The orc priest invokes the aid of Beogh against you.
Something smites you!
* * * LOW HITPOINT WARNING * * *
The skeletal warrior hits you from afar with a trident!
* * * LOW HITPOINT WARNING * * *
The skeletal warrior hits you from afar with a halberd!
* * * LOW HITPOINT WARNING * * *
The skeletal warrior is struck by your spines.
The skeletal warrior hits you with a dire flail!
You die...

#........##.#...#.# #####......
'........##.#.###.# #...'......
#........##.'.#.#.#####.###......
#........####.#.#>'.....# #......
#........# #.....####### ####+##
#######+## ####'## #.# #.# #@#
#####z###### #...zzzo...#
.......Zo....# .##..........#
#..........# #...........#
#.....>....... #..........#....


You could see 4 skeletal warriors, an orc priest and a giant frog zombie.

Vanquished Creatures
  Harold (D:11)
  The ghost of dvd the Covert, a novice OpIE of Cheibriados (D:10)
  2 hill giants (D:10)
  Pikel (D:7)
  Maurice (D:9)
  A two-headed ogre (D:8)
  A troll (D:11)
  A spriggan (D:9)
  A deep elf mage (D:11)
  6 yaks
  Grum (D:11)
  A wyvern (D:10)
  2 basilisks (D:10)
  2 wolves (D:11)
  A hippogriff (D:7)
  Menkaure (D:7)
  The ghost of AAAAA the Cutter, an amateur HaFi (D:3)
  2 porcupines (D:10)
  2 orc warriors
  4 slaves (D:7)
  4 ice beasts
  3 ogres
  5 sky beasts
  2 phantoms
  6 crocodiles (D:10)
  5 centaurs
  A big kobold (D:10)
  The ghost of emiel the Skirmisher, an amateur VSWn (D:5)
  A gnoll sergeant (D:9)
  3 giant frogs
  An elf skeleton (D:4)
  A water moccasin zombie (D:7)
  2 scorpions
  4 wights (D:11)
  5 crimson imps
  3 giant frog zombies
  15 orc wizards
  5 centaur skeletons
  6 orc priests
  4 hounds
  3 jellies
  2 giant frog skeletons
  2 human skeletons (D:4)
  2 iguanas
  9 worker ants
  A big kobold zombie (Ossuary)
  4 sheep (D:10)
  A hound zombie (D:6)
  2 hound skeletons
  8 mummies (Ossuary)
  10 adders
  9 gnolls
  7 river rats (D:10)
  2 shadow imps
  2 oozes
  An adder zombie (D:6)
  4 adder skeletons
  A worm (D:5)
  6 giant geckos
  45 orcs
  8 giant cockroaches
  8 goblins
  7 hobgoblins
  14 jackals
  16 kobolds
  5 quokkas
  3 ball pythons
  8 bats
  4 giant newts
  2 hobgoblin zombies (Ossuary)
  4 kobold zombies (Ossuary)
  An orc skeleton (D:4)
  3 orc zombies
  10 rats
  A butterfly (D:4)
325 creatures vanquished.

Vanquished Creatures (others)
  A fungus (D:10)
  A plant (D:10)
2 creatures vanquished.

Grand Total: 327 creatures vanquished

Notes
Turn   | Place    | Note
--------------------------------------------------------------
     0 | D:1      | gorblad the Demonspawn Fighter began the quest for the Orb.
     0 | D:1      | Reached XP level 1. HP: 18/18 MP: 1/1
   277 | D:1      | Gained mutation: When hurt, damage is shared between your health and your magic reserves. [demonic ancestry]
   277 | D:1      | Reached XP level 2. HP: 20/24 MP: 2/2
   758 | D:2      | Reached skill level 4 in Fighting
  1098 | D:3      | Found a glowing golden altar of the Shining One.
  1148 | D:3      | Reached XP level 3. HP: 27/30 MP: 3/3
  1453 | D:3      | Noticed AAAAA's ghost (amateur HaFi)
  1480 | D:3      | Killed AAAAA's ghost
  1480 | D:3      | Reached skill level 6 in Fighting
  1480 | D:3      | Gained mutation: You are partially covered in rough black scales (AC +4, Dex -1). [demonic ancestry]
  1480 | D:3      | Reached XP level 4. HP: 9/40 MP: 0/4
  1480 | D:3      | Reached XP level 5. HP: 10/46 MP: 0/5
  2502 | D:4      | Noticed a phantom
  2524 | D:4      | Killed a phantom
  2524 | D:4      | Reached XP level 6. HP: 39/52 MP: 6/6
  2592 | D:4      | Found a sand-covered staircase.
  2663 | Ossuary  | Entered an ossuary
  2721 | Ossuary  | Reached skill level 1 in Dodging
  2730 | Ossuary  | Gained mutation: You have a pair of small horns on your head. [demonic ancestry]
  2730 | Ossuary  | Reached XP level 7. HP: 55/58 MP: 3/7
  3136 | D:4      | Found a staircase to the Ecumenical Temple.
  4089 | Temple   | Entered the Ecumenical Temple
  4267 | D:5      | Entered Level 5 of the Dungeon
  4267 | D:5      | Found a sacrificial altar of Ru.
  4454 | D:5      | Reached skill level 5 in Dodging
  4460 | D:5      | Gained mutation: You are partially covered in sharp spines. [demonic ancestry]
  4460 | D:5      | Reached XP level 8. HP: 49/64 MP: 5/8
  4603 | D:5      | Noticed emiel's ghost (amateur VSWn)
  4610 | D:5      | Killed emiel's ghost
  5268 | D:5      | Identified a scroll of acquirement
  5280 | D:6      | Reached skill level 1 in Axes
  5663 | D:6      | Found a shimmering altar of Xom.
  5664 | D:6      | Found a snail-covered altar of Cheibriados.
  5758 | D:6      | Found a sparkling altar of Nemelex Xobeh.
  5760 | D:6      | Found a shadowy altar of Dithmenos.
  5893 | D:7      | Gained mutation: You have a pair of horns on your head. [demonic ancestry]
  5893 | D:7      | Reached XP level 9. HP: 67/69 MP: 9/9
  5989 | D:7      | Noticed Pikel
  6006 | D:7      | Killed Pikel
  6342 | D:7      | Noticed Menkaure
  6348 | D:7      | Killed Menkaure
  6348 | D:7      | Reached skill level 7 in Axes
  6376 | D:7      | Found an ancient bone altar of Kikubaaqudgha.
  6663 | D:7      | Found Daigoq's Jewellery Boutique.
  6668 | D:7      | Bought a +2 ring of strength for 112 gold pieces
  6668 | D:7      | Bought the ring "Leatuege" {*Drain Str+2 Int+3 Stlth-} for 291 gold pieces
  6882 | D:8      | Reached skill level 5 in Shields
  7106 | D:8      | Reached XP level 10. HP: 53/76 MP: 6/10
  7419 | D:9      | Noticed Maurice
  7434 | D:9      | Killed Maurice
  7434 | D:9      | Reached skill level 5 in Armour
  7778 | D:9      | Found an iron altar of Okawaru.
  7809 | D:9      | Became a worshipper of Warmaster Okawaru
  8178 | D:10     | Entered Level 10 of the Dungeon
  8178 | D:10     | Noticed a hill giant
  8185 | D:10     | Killed a hill giant
  8185 | D:10     | Reached * piety under Okawaru
  8211 | D:10     | Noticed a hill giant
  8219 | D:10     | Killed a hill giant
  8528 | D:10     | Found a staircase to the Lair.
  8542 | D:10     | Reached skill level 8 in Fighting
  8551 | D:10     | Reached ** piety under Okawaru
  8573 | D:10     | Gained mutation: You have a pair of large horns on your head. [demonic ancestry]
  8573 | D:10     | Reached XP level 11. HP: 30/87 MP: 6/11
  8784 | D:10     | Noticed dvd's ghost (novice OpIE)
  8806 | D:10     | Killed dvd's ghost
  8806 | D:10     | Reached skill level 9 in Fighting
  9398 | D:10     | Reached *** piety under Okawaru
  9492 | D:11     | Reached skill level 10 in Fighting
  9714 | D:11     | Noticed Grum
  9726 | D:11     | Killed Grum
  9768 | D:11     | Noticed Harold
  9780 | D:11     | Killed Harold
  9861 | D:11     | Found a staircase to the Orcish Mines.
  9888 | D:11     | Reached skill level 11 in Fighting
  9896 | D:11     | Noticed a skeletal warrior
  9898 | D:11     | Noticed a skeletal warrior
  9899 | D:11     | Noticed a skeletal warrior
  9899 | D:11     | Noticed a skeletal warrior
  9902 | D:11     | Noticed a skeletal warrior
  9921 | D:11     | HP: 4/93 [skeletal warrior/halberd (6)]
  9921 | D:11     | Slain by a skeletal warrior

Action                   |  1- 3 |  4- 6 |  7- 9 | 10-12 || total
-------------------------+-------+-------+-------+-------++-------
Melee: Long sword        |   173 |   184 |   249 |       ||   606
       Broad axe         |       |       |   150 |   297 ||   447
  Use: Potion            |     1 |     1 |     3 |     6 ||    11
       Scroll            |       |    13 |     3 |     9 ||    25
  Eat: Chunk             |     2 |     4 |    24 |    10 ||    40
       Bread ration      |       |       |     1 |       ||     1
       Pizza             |       |       |     1 |       ||     1
